 Dungeon Crawl Stone Soup version 0.22.1-1-ga44c0e5 (webtiles) character file.

535 bnggit the Slasher (level 7, 0/52 HPs)
             Began as a Merfolk Gladiator on Oct 5, 2018.
             Was a Believer of Cheibriados.
             Slain by a gnoll
             ... wielding a +0 halberd
              (12 damage)
             ... on level 4 of the Dungeon.
             The game lasted 00:13:16 (3312 turns).

bnggit the Slasher (Merfolk Gladiator)              Turns: 3312, Time: 00:13:17

Health: 0/52       AC:  5    Str: 20    XL:     7   Next: 25%
Magic:  6/7        EV: 15    Int: 11    God:    Cheibriados [**....]
Gold:   206        SH:  0    Dex: 20    Spells: 6/6 levels left

rFire    . . .     SeeInvis .   a - +0 long sword
rCold    . . .     Gourm    .   (no shield)
rNeg     . . .     Faith    .   b - +0 leather armour
rPois    .         Spirit   .   c - +0 helmet
rElec    .         Reflect  .   (no cloak)
rCorr    .         Harm     .   v - +0 pair of gloves
MR       .....                  (no boots)
Stlth    ++........             j - amulet of regeneration
HPRegen  0.57/turn              h - ring of flight
MPRegen  0.10/turn              l - +2 ring of slaying

@: very slow
A: change form in water, swift swim, stealthy swim
a: Bend Time, Renounce Religion, Evoke Flight


You were on level 4 of the Dungeon.
You worshipped Cheibriados.
Cheibriados was pleased with you.
You were hungry.

You visited 1 branch of the dungeon, and saw 4 of its levels.

You collected 206 gold pieces.

Inventory:

Hand Weapons
 a - a +0 long sword (weapon)
Missiles
 d - 3 throwing nets (quivered)
 i - 85 stones
Armour
 b - a +0 leather armour (worn)
 c - a +0 helmet (worn)
 v - a +0 pair of gloves (worn)
Jewellery
 e - an uncursed amulet of faith
 h - a ring of flight (left hand)
 j - an amulet of regeneration (around neck)
 l - a +2 ring of slaying (right hand)
Scrolls
 k - a scroll of fear {unknown}
 o - 4 scrolls of remove curse
 p - 2 scrolls of identify
 r - 3 scrolls of enchant armour {unknown}
 s - a scroll of random uselessness {unknown}
 u - 2 scrolls of enchant weapon {unknown}
Potions
 g - a potion of heal wounds {unknown}
 n - a potion of agility
 q - a potion of resistance {unknown}
 t - a potion of degeneration {unknown}
Comestibles
 f - 8 rations
 m - 3 chunks of flesh


   Skills:
 + Level 3.4 Fighting
 + Level 6.7 Long Blades
 + Level 2.0 Throwing
 + Level 2.1 Armour
 + Level 5.3 Dodging
 + Level 1.6 Stealth


You had 6 spell levels left.
You didn't know any spells.
Your spell library was empty.

Dungeon Overview and Level Annotations

Branches:
Dungeon (4/15)
 Temple: D:4-7

Altars:
Cheibriados
Ru
Sif Muna

Annotations:
D:4 Dowan, Duvessa, Edmund


Message History

You resist with some effort. Duvessa barely misses you.
Edmund hits you with a flail of crushing.
* * * LOW HITPOINT WARNING * * *
x2 Edmund completely misses you.
Duvessa closely misses you. Duvessa barely misses you.
You riposte.
You hit Duvessa.
Duvessa is moderately wounded.
Duvessa hits you with a rapier.
* * * LOW HITPOINT WARNING * * *
You open the door.
Duvessa is no longer moving quickly.
The gnoll barely misses you.
You riposte.
You slash the gnoll!
The gnoll is severely wounded.
Dowan gestures wildly while chanting.
Dowan blinks!
You hit Duvessa but do no damage.
Duvessa is moderately wounded.
Duvessa misses you. Edmund completely misses you.
You hit Duvessa.
Duvessa is moderately wounded.
The gnoll hits you from afar with a halberd!
You die...

.......)/.....(...........##..#.#
!.........................##....#
......%...................###...#
..........................####..#
...............................>#
<..........................[..#.#
....?..........e..............#.#
..............g.g.............###
.............gg@@.............##
.........>...###e###...........#
.............# #.# #...........#
########.##.###.###.###.......#
#....'.._..'.# #.#.....#
####.#######.# #.#####.## #.# ###
#.# #.# #... #.#######.# #.# ####
#.........# #.# #


You could see Edmund, Duvessa, Dowan and 4 gnolls.

Vanquished Creatures
  Sigmund (D:2)
  A howler monkey (D:4)
  2 jellies (D:2)
  Jessica (D:2)
  2 worker ants (D:4)
  An iguana (D:3)
  A hound skeleton (D:4)
  3 adders
  8 oozes
  3 worms
  2 dart slugs
  6 leopard geckos
  6 orcs
  A ball python (D:3)
  2 giant cockroaches
  6 goblins
  6 hobgoblins
  9 jackals
  A quokka (D:3)
  10 bats
  6 frilled lizards
  13 kobolds
  4 rats
  3 fungi (D:2)
98 creatures vanquished.

Vanquished Creatures (others)
  2 fungi (D:2)
  11 toadstools (D:2)
13 creatures vanquished.

Grand Total: 111 creatures vanquished

Notes
Turn   | Place    | Note
-------+----------+-------------------------------------------
     0 | D:1      | bnggit the Merfolk Gladiator began the quest for the Orb.
     0 | D:1      | Reached XP level 1. HP: 16/16 MP: 1/1
   234 | D:1      | Reached XP level 2. HP: 18/22 MP: 2/2
   322 | D:1      | Reached skill level 4 in Long Blades
  1069 | D:2      | Reached XP level 3. HP: 27/27 MP: 3/3
  1092 | D:2      | Noticed Jessica
  1104 | D:2      | Killed Jessica
  1148 | D:2      | Reached XP level 4. HP: 27/34 MP: 4/4
  1219 | D:2      | Reached skill level 1 in Armour
  1231 | D:2      | Reached skill level 5 in Long Blades
  1231 | D:2      | Reached XP level 5. HP: 17/39 MP: 5/5
  1233 | D:2      | Reached skill level 5 in Dodging
  1772 | D:2      | Found a snail-covered altar of Cheibriados.
  1785 | D:2      | Became a worshipper of Cheibriados the Contemplative
  2302 | D:2      | Noticed Sigmund
  2321 | D:2      | Killed Sigmund
  2321 | D:2      | Reached skill level 6 in Long Blades
  2321 | D:2      | Reached skill level 1 in Stealth
  2321 | D:2      | Reached XP level 6. HP: 40/47 MP: 6/6
  2408 | D:3      | Reached * piety under Cheibriados
  2841 | D:3      | Found a sacrificial altar of Ru.
  3098 | D:4      | Reached XP level 7. HP: 35/52 MP: 7/7
  3224 | D:4      | Found a deep blue altar of Sif Muna.
  3282 | D:4      | Reached ** piety under Cheibriados
  3284 | D:4      | Noticed Dowan
  3288 | D:4      | Noticed Duvessa
  3294 | D:4      | Noticed Edmund
  3312 | D:4      | Slain by a gnoll

Skill      XL: |  1  2  3  4  5  6 |
---------------+-------------------+-----
Long Blades    | 4 5 6 |  6.7
Armour         | 1 2 |  2.1
Dodging        | 5 |  5.3
Fighting       | 3 |  3.4
Stealth        | 1 |  1.6
Throwing       | |  2.0

Action                   |  1- 3 |  4- 6 |  7- 9 || total
-------------------------+-------+-------+-------++-------
Melee: Long sword        |    60 |   172 |    25 ||   257
Invok: Bend Time         |       |       |     1 ||     1
  Use: Scroll            |     2 |     2 |       ||     4
 Stab: Sleeping          |       |     3 |       ||     3
  Eat: Chunk             |     1 |     2 |       ||     3
       Ration            |       |     1 |       ||     1
Armor: Leather armour    |    22 |    34 |     4 ||    60
Dodge: Dodged            |    85 |   121 |    35 ||   241
       Rpst.: Long sword |    28 |    39 |    13 ||    80
